AoeStats
← blindsestudio0

Black Forest

510215513Analyzed
2v2 RM · 2d ago on Sep 30, 2026· 59m 37s· 4 players
Game mode
Random Map
Map size
Medium (4 player)
Population
200
Speed
Normal
Resources
Standard
Victory
Conquest
Starting age
Dark Age
Ending age
Imperial Age
RankedLock teamsTeams togetherTeam positionsShared explorationLock speedFull tech treeHidden civsTurbo modeCheats
Victory
Defeat
🇨🇦 Romans · Canada
619
+10
🇨🇦 Turks · Canada
529
+14
🇧🇴 Bohemians · Bolivia
485
-12
🇧🇴 Britons · Bolivia
480
-12
Loud Ventrilloquist
0:30 Loom
14:52 Feudal Age
15:48 Double-Bit Axe
18:27 Horse Collar
26:43 Castle Age
27:37 Bow Saw
27:43 Heavy Plow
40:18 Imperial Age
37:35 Town Watch
38:26 Wheelbarrow
37:33 Man-at-Arms
38:14 Squires
39:43 Town Patrol
39:59 Hand Cart
40:55 Forging
40:46 Scale Mail Armor
41:25 Conscription
42:34 Two-Man Saw
42:42 Gold Mining
44:06 Fortified Wall
43:51 Murder Holes
44:17 Ballistics
44:37 Artillery
45:13 Hoardings
46:04 Capped Ram
46:25 Long Swordsman
46:58 Elite Janissary
47:44 Caravan
53:59 Iron Casting
53:40 Chain Mail Armor
53:25 Padded Archer Armor
53:16 Fletching
53:32 Scale Barding Armor
56:03 Blast Furnace
55:41 Gold Shaft Mining
54:40 Heavy Scorpion
tester78546
0:29 Loom
12:03 Feudal Age
14:25 Double-Bit Axe
21:48 Castle Age
19:43 Gold Mining
20:48 Fletching
21:40 Padded Archer Armor
22:32 Horse Collar
23:39 Forging
25:02 Town Watch
28:44 Wheelbarrow
30:13 Bow Saw
30:05 Stone Mining
32:16 Heavy Plow
37:36 Imperial Age
36:03 Caravan
36:34 Fortified Wall
36:27 Scale Mail Armor
38:46 Conscription
38:56 Squires
38:17 Man-at-Arms
39:07 Ballistas
40:13 Hand Cart
40:40 Masonry
41:28 Town Patrol
42:17 Coinage
41:57 Guilds
41:46 Long Swordsman
41:47 Pikeman
43:59 Comitatenses
44:00 Scale Barding Armor
45:31 Gold Shaft Mining
46:14 Murder Holes
46:50 Architecture
47:21 Chemistry
46:44 Chain Barding Armor
48:29 Plate Barding Armor
48:30 Iron Casting
49:06 Heavy Scorpion
50:49 Crop Rotation
51:57 Elite Centurion
55:32 Husbandry
54:53 Cavalier
54:53 Light Cavalry
55:55 Chain Mail Armor
56:40 Blast Furnace
blindsbolivia
15:07 Feudal Age
27:19 Castle Age
25:18 Double-Bit Axe
31:05 Horse Collar
32:50 Wheelbarrow
32:45 Heavy Plow
35:30 Hand Cart
38:28 Imperial Age
40:05 Bow Saw
40:55 Masonry
42:17 Two-Man Saw
43:59 Chemistry
52:40 Town Watch
blindsestudio0
3:40 Loom
12:35 Feudal Age
14:43 Wheelbarrow
13:59 Double-Bit Axe
14:59 Man-at-Arms
15:50 Horse Collar
16:21 Town Watch
16:39 Padded Archer Armor
19:12 Arson
26:21 Castle Age
24:54 Gold Mining
27:29 Hand Cart
27:26 Bow Saw
27:19 Heavy Plow
30:12 Treadmill Crane
31:08 Leather Archer Armor
31:42 Gambesons
31:17 Long Swordsman
35:37 Imperial Age
33:06 Fletching
33:43 Squires
34:09 Bodkin Arrow
34:42 Forging
35:59 Ballistics
36:58 Iron Casting
40:04 Masonry
40:48 Gold Shaft Mining
41:21 Warwolf
41:12 Two-Handed Swordsman
42:28 Architecture
42:00 Elite Longbowman
46:31 Two-Man Saw
45:01 Heavy Scorpion
47:04 Yeomen
48:24 Chemistry
52:20 Champion
57:37 Onager
Connection lost

Rejoining the realm…

Still unreachable

The connection could not be restored.

Session expired

The server has moved on; the page needs a fresh start.